 Dungeon Crawl Stone Soup version 0.22-a0-247-gbddf880 (webtiles) character file.

22111 b5mith the Fencer (level 12, -3/103 HPs)
             Began as a Minotaur Berserker on Feb 27, 2018.
             Was a High Priest of Trog.
             Slain by a skeletal warrior
             ... wielding a +0 trident
             ... led by a skeletal warrior
              (16 damage)
             ... on level 13 of the Dungeon.
             The game lasted 00:42:01 (12506 turns).

b5mith the Fencer (Minotaur Berserker)             Turns: 12506, Time: 00:42:01

Health: -3/103     AC: 16    Str: 30    XL:     12   Next: 60%
Magic:  11/11      EV: 12    Int:  4    God:    Trog [*****.]
Gold:   610        SH:  0    Dex: 17    Spells: 11/11 levels left

rFire    . . .     SeeInvis .   N - +0 great sword "Rituzugasch" {freeze, *Drain +Inv Str+4}
rCold    . . .     Gourm    .   (shield currently unavailable)
rNeg     . . .     Faith    .   F - +0 plate armour
rPois    .         Spirit   .   (helmet restricted)
rElec    .         Reflect  .   G - +0 cloak
rCorr    .         Harm     .   e - +0 pair of gloves
MR       +....                  (no boots)
Stlth    ..........             u - amulet "Byzxo" {Regen+ Dex+6}
HPRegen  0.67/turn              T - ring of stealth
MPRegen  0.12/turn              Q - ring of protection from magic

@: berserk cooldown, slowed, drained, very slow
A: retaliatory headbutt, horns 2
a: Berserk, Trog's Hand, Brothers in Arms, Renounce Religion, Evoke Invisibility


You were on level 13 of the Dungeon.
You worshipped Trog.
Trog was extremely pleased with you.
You were very hungry.

You visited 1 branch of the dungeon, and saw 13 of its levels.
You also visited: Sewer.

You collected 863 gold pieces.
You spent 253 gold pieces at shops.

Inventory:

Hand Weapons
 N - the +0 great sword "Rituzugasch" (weapon) {freeze, *Drain +Inv Str+4}
   (You bought it in a shop on level 7 of the Dungeon)

   It has been specially enchanted to freeze those struck by it, causing extra
   injury to most foes and up to half again as much damage against particularly
   susceptible opponents.
   It can also slow down cold-blooded creatures.
   It affects your strength (+4).
   It lets you turn invisible.
   It causes draining when unequipped.
 O - a +3 antimagic great sword
 Z - a +6 great sword of holy wrath
Missiles
 E - 8 tomahawks (quivered)
Armour
 e - a +0 pair of gloves (worn)
 F - a +0 plate armour (worn)
 G - a +0 cloak (worn)
Jewellery
 u - the amulet "Byzxo" (around neck) {Regen+ Dex+6}
   (You found it on level 4 of the Dungeon)

   [amulet of regeneration]

   It affects your dexterity (+6).
   It increases your rate of regeneration.
 J - an uncursed ring of protection from cold
 Q - a ring of protection from magic (right hand)
 T - a ring of stealth (left hand)
 V - an uncursed amulet of harm
Wands
 c - a wand of paralysis (12)
 f - a wand of digging (26)
 w - a wand of random effects (36)
 y - a wand of flame (34)
 I - a wand of iceblast (7)
 M - a wand of acid (5)
Scrolls
 b - 3 scrolls of identify {@r1}
 d - 9 scrolls of remove curse {@r2}
 g - 2 scrolls of immolation {unknown}
 h - 4 scrolls of fear
 i - a scroll of fog {unknown}
 k - 2 scrolls of blinking
 m - 7 scrolls of teleportation
 v - 2 scrolls of enchant weapon
 A - 2 scrolls of amnesia {unknown}
 B - a scroll of random uselessness {unknown}
 D - a scroll of noise {unknown}
 H - 4 scrolls of magic mapping
 U - a scroll of brand weapon {unknown}
 W - a scroll of enchant armour {unknown}
Potions
 a - a potion of cancellation {unknown}
 j - 6 potions of curing {@q1}
 p - 4 potions of berserk rage
 q - 3 potions of mutation
 s - 2 potions of ambrosia {unknown}
 t - 2 potions of agility {unknown}
 x - a potion of heal wounds
 z - 3 potions of flight
 K - 2 potions of lignification {unknown}
 L - a potion of invisibility {unknown}
 R - 3 potions of degeneration {unknown}
 S - 2 potions of haste {unknown}
 X - a potion of resistance {unknown}
Comestibles
 o - 26 rations


   Skills:
 + Level 8.4(8.0) Fighting
 + Level 20.0(19.5) Long Blades
 + Level 8.0(7.6) Armour
 + Level 7.2(6.8) Dodging


You had 11 spell levels left.
You didn't know any spells.

Dungeon Overview and Level Annotations

Branches:
Dungeon (13/15)            Temple (0/1) D:7            Lair (0/6) D:9
    Orc (0/2) D:10
 Vaults: D:13-14

Altars:
Cheibriados
Fedhas
Makhleb
Qazlal
Uskayaw
Vehumet
Xom
Zin
Beogh

Shops:
D:4 }   D:5 }   D:7 (


Innate Abilities, Weirdness & Mutations

You reflexively headbutt those who attack you in melee.
You have a pair of horns on your head.


Message History

You are too berserk!
You feel a strong urge to attack something.
The skeletal warrior misses you.
You are no longer berserk.
You are exhausted.
You feel yourself slow down.
The skeletal warrior hits you but does no damage.
The skeletal warrior hits you from afar with a trident!
* * * LOW HITPOINT WARNING * * *
You feel much better.
The skeletal warrior hits you from afar with a trident!
* * * LOW HITPOINT WARNING * * *
The skeletal warrior hits you with a trident!
* * * LOW HITPOINT WARNING * * *
You see here a hand axe.
You slice the skeletal warrior!! You freeze the skeletal warrior.
You headbutt the skeletal warrior.
The skeletal warrior is moderately damaged.
The skeletal warrior hits you with a trident!
You die...

#...♣≈PP≈≈≈≈≈≈≈≈≈.P
#....♣♣≈P≈..≈......
#..................
#####+.........≈.≈.
#.#...≈≈.≈≈≈≈≈P
#+###♣≈≈≈≈≈≈≈≈≈
##♣≈≈≈≈♣≈≈ #.)♣♣♣♣♣
#@## ......'z#
......### ......
..... #####


You could see a skeletal warrior.

Vanquished Creatures
  3 slime creatures (D:12)
  2 hydras
  A centaur warrior (D:8)
  A catoblepas (D:13)
  4 two-headed ogres
  2 skeletal warriors (D:13)
  Pikel (D:4)
  The ghost of Robby the Geomancer, a novice GrEE of Vehumet (D:8)
  2 ugly things (D:11)
  The ghost of b5mith the Slasher, a novice MiBe of Trog (D:5)
  3 centaur skeletons
  5 trolls
  Grinder (D:6)
  3 hippogriffs
  Sigmund (D:6)
  A vampire (D:10)
  2 wraiths (D:11)
  5 yaks (D:12)
  2 hungry ghosts
  The ghost of MatthieuS the Covered, an amateur HuWn (D:3)
  A soldier ant (D:10)
  2 porcupines (D:9)
  3 ice beasts
  A slave (D:4)
  6 orc warriors
  3 sky beasts
  A black bear (D:8)
  A phantom (D:11)
  10 ogres
  8 centaurs
  A crocodile (D:10)
  Blork the orc (D:5)
  6 bullfrogs
  5 big kobolds
  A wyvern skeleton (D:12)
  4 scorpions
  19 killer bees
  11 wights
  An electric eel (D:13)
  4 howler monkeys
  8 crimson imps
  Crazy Yiuf (D:6)
  2 centaur zombies
  An iron imp (D:6)
  5 jellies
  8 orc priests
  8 hounds
  2 bullfrog zombies
  11 orc wizards
  3 bullfrog skeletons
  3 iguanas (D:8)
  Ijyb (D:3)
  Natasha (D:3)
  8 worker ants
  A worker ant zombie (D:5)
  6 gnolls
  4 river rats
  10 adders
  A shadow imp (D:6)
  3 oozes
  2 adder skeletons
  3 dart slugs
  A worm (D:2)
  4 leopard geckos
  51 orcs
  5 ball pythons
  6 bats
  6 giant cockroaches
  5 goblins
  7 hobgoblins
  20 jackals
  3 quokkas
  3 frilled lizards
  24 kobolds
  13 rats
371 creatures vanquished.

Vanquished Creatures (others)
  A hound (D:4)
  6 fungi (D:9)
  A plant (D:9)
8 creatures vanquished.

Grand Total: 379 creatures vanquished

Notes
Turn   | Place    | Note
-------+----------+-------------------------------------------
     0 | D:1      | b5mith the Minotaur Berserker began the quest for the Orb.
     0 | D:1      | Reached XP level 1. HP: 19/19 MP: 0/0
    96 | D:1      | Reached XP level 2. HP: 26/27 MP: 1/1
   448 | D:1      | Reached skill level 4 in Long Blades
   673 | D:1      | Reached XP level 3. HP: 33/33 MP: 2/2
   678 | D:1      | Reached ** piety under Trog
   761 | D:1      | Reached XP level 4. HP: 41/41 MP: 3/3
  1870 | D:2      | Reached XP level 5. HP: 10/47 MP: 4/4
  2182 | D:3      | Noticed Ijyb
  2184 | D:3      | Paralysed by Ijyb for 3 turns
  2201 | D:3      | Killed Ijyb
  2201 | D:3      | Reached skill level 5 in Fighting
  2201 | D:3      | Reached skill level 5 in Long Blades
  2712 | D:3      | Reached *** piety under Trog
  2724 | D:3      | Found a hide-covered altar of Uskayaw.
  2724 | D:3      | Found a stormy altar of Qazlal.
  2795 | D:3      | Noticed MatthieuS's ghost (amateur HuWn)
  2802 | D:3      | Killed MatthieuS's ghost
  2802 | D:3      | Reached XP level 6. HP: 56/56 MP: 5/5
  2933 | D:3      | Noticed Natasha
  2943 | D:3      | Killed Natasha
  3277 | D:4      | Found Gutifiny's Gadget Shop.
  3345 | D:4      | Noticed an orc warrior
  3364 | D:4      | Killed an orc warrior
  3364 | D:4      | Reached skill level 5 in Armour
  3364 | D:4      | Reached XP level 7. HP: 22/62 MP: 6/6
  3667 | D:4      | Noticed Pikel
  3681 | D:4      | Killed Pikel
  3681 | D:4      | Reached skill level 6 in Long Blades
  3681 | D:4      | Reached skill level 5 in Dodging
  3681 | D:4      | Reached XP level 8. HP: 34/71 MP: 7/7
  3967 | D:4      | Got a wavering pewter amulet
  4059 | D:4      | Found a glowing silver altar of Zin.
  4373 | D:5      | Entered Level 5 of the Dungeon
  4384 | D:5      | Found Gaak's Gadget Shoppe.
  4434 | D:5      | Reached skill level 7 in Long Blades
  4748 | D:5      | Found a glowing drain.
  4752 | D:5      | Noticed Blork the orc
  4769 | D:5      | Killed Blork the orc
  4894 | Sewer    | Entered a sewer
  4911 | Sewer    | Received a gift from Trog
  5059 | Sewer    | Found a white marble altar of Elyvilon.
  5411 | D:5      | Noticed b5mith's ghost (novice MiBe)
  5437 | D:5      | Killed b5mith's ghost
  5437 | D:5      | Reached skill level 8 in Long Blades
  5744 | D:6      | Received a gift from Trog
  5744 | D:6      | Reached XP level 9. HP: 81/81 MP: 8/8
  5778 | D:6      | Noticed Sigmund
  5779 | D:6      | Identified the amulet "Byzxo" {Regen+ Dex+6} (You found it on level 4 of the Dungeon)
  5783 | D:6      | Killed Sigmund
  5875 | D:6      | Noticed Grinder
  5888 | D:6      | Killed Grinder
  5889 | D:6      | Reached skill level 9 in Long Blades
  6217 | D:6      | Found a snail-covered altar of Cheibriados.
  6255 | D:6      | Found a runed door.
  6490 | D:6      | Noticed Crazy Yiuf
  6493 | D:6      | Killed Crazy Yiuf
  6533 | D:7      | Reached **** piety under Trog
  6550 | D:7      | Found a staircase to the Ecumenical Temple.
  6613 | D:7      | Found a burning altar of Makhleb.
  6647 | D:7      | Found a radiant altar of Vehumet.
  6986 | D:7      | Found Cozxeq's Antique Weapon Emporium.
  6994 | D:7      | Bought a scorched great sword for 253 gold pieces
  6994 | D:7      | Identified the cursed +0 great sword "Rituzugasch" {freeze, *Drain +Inv Str+4} (You bought it in a shop on level 7 of the Dungeon)
  7163 | D:8      | Reached skill level 10 in Long Blades
  7395 | D:8      | Noticed Robby's ghost (novice GrEE)
  7465 | D:8      | Killed Robby's ghost
  7465 | D:8      | Reached skill level 11 in Long Blades
  7470 | D:8      | Reached XP level 10. HP: 69/90 MP: 9/9
  7573 | D:8      | Noticed a two-headed ogre
  7577 | D:8      | Killed a two-headed ogre
  7577 | D:8      | Reached skill level 12 in Long Blades
  7761 | D:8      | Found a shimmering altar of Xom.
  7764 | D:8      | Found a shimmering altar of Xom.
  7765 | D:8      | Found a shimmering altar of Xom.
  7767 | D:8      | Found a shimmering altar of Xom.
  7844 | D:8      | Noticed a centaur warrior
  7855 | D:8      | Killed a centaur warrior
  7855 | D:8      | Reached skill level 13 in Long Blades
  8012 | D:8      | Reached ***** piety under Trog
  8625 | D:9      | Reached skill level 14 in Long Blades
  8957 | D:9      | Noticed a two-headed ogre
  8970 | D:9      | Killed a two-headed ogre
  9162 | D:9      | Reached skill level 15 in Long Blades
  9200 | D:9      | Found a staircase to the Lair.
  9233 | D:9      | Reached XP level 11. HP: 89/95 MP: 10/10
  9467 | D:9      | Received a gift from Trog
  9745 | D:10     | Entered Level 10 of the Dungeon
 10234 | D:10     | Noticed a two-headed ogre
 10241 | D:10     | Killed a two-headed ogre
 10241 | D:10     | Reached skill level 16 in Long Blades
 10371 | D:10     | Found a staircase to the Orcish Mines.
 10377 | D:10     | Found a roughly hewn altar of Beogh.
 10584 | D:11     | Noticed a two-headed ogre
 10618 | D:10     | Killed a two-headed ogre
 10781 | D:11     | Noticed an eight-headed hydra
 10907 | D:11     | Reached skill level 17 in Long Blades
 10980 | D:11     | Killed an 11-headed hydra
 11098 | D:11     | Noticed a cyan ugly thing
 11106 | D:11     | Killed a cyan ugly thing
 11302 | D:11     | Found a blossoming altar of Fedhas.
 11401 | D:11     | Reached skill level 18 in Long Blades
 11508 | D:12     | Noticed a brown ugly thing
 11520 | D:11     | Killed a brown ugly thing
 11573 | D:12     | Reached XP level 12. HP: 96/103 MP: 3/11
 11576 | D:12     | Received a gift from Trog
 11818 | D:12     | Reached skill level 19 in Long Blades
 11906 | D:12     | Noticed a five-headed hydra
 11915 | D:12     | Killed an eight-headed hydra
 12240 | D:13     | Noticed a catoblepas
 12242 | D:13     | Killed a catoblepas
 12499 | D:13     | Reached skill level 20 in Long Blades
 12506 | D:13     | Slain by a skeletal warrior

Vault maps used:
D:1:      lemuel_arrival_hallway
D:3:      gammafunk_temple_overflow_wave, uniq_natasha, uniq_ijyb
D:4:      lemuel_coloured_pillars_altar, serial_shops, kennysheep_mini,
          uniq_pikel
D:5:      portal_sewer_entry_a, first_ration, serial_shops, shop,
          uniq_blork_the_orc
D:6:      slow_altar_1, uniq_crazy_yiuf_cottage, uniq_sigmund, uniq_grinder
D:7:      marbit_many_paths, minmay_temple_entry_junction_2, basic_altar,
          minmay_shop_grid_forest
D:8:      minmay_opposing_rooms, xom_redecorated, serial_co_window_serial,
          co_window_paths_a, co_window_corner_a, co_window_corner_a,
          co_window_corner_a, co_window_paths_b, co_window_paths_a,
          co_window_corner_a, co_window_corner_b, co_window_2corner,
          co_window_of_opportunity_b, co_window_broadway_c, co_window_paths_d,
          glass_columns_a, glass_columns_a, glass_columns_c, glass_columns_a,
          glass_columns_b
D:9:      grunt_lair_entry_orc_guard_hut, blue_anna_alchemist
D:10:     minmay_orc_entry_temple_small
D:11:     fedhas_altar_fruit_tree
D:13:     serial_shops, shop, serial_bayou_ford_a, grunt_qazlal_sundering,
          uniq_urug
Sewer:    sewer_kobolds

Skill      XL: |  1  2  3  4  5  6  7  8  9 10 11 12 |
---------------+-------------------------------------+-----
Long Blades    | 4 5 6 8 11 15 18 20 | 20.0
Fighting       | 4 5 6 7 8 |  8.4
Armour         | 3 4 5 6 7 8 |  8.0
Dodging        | 3 4 5 6 7 |  7.2

Action                   |  1- 3 |  4- 6 |  7- 9 | 10-12 || total
-------------------------+-------+-------+-------+-------++-------
Melee: Falchion          |    47 |   154 |   183 |       ||   384
       Headbutt          |     9 |    33 |    72 |   145 ||   259
       Great sword       |       |       |   103 |   456 ||   559
Throw: Tomahawk          |       |       |       |     4 ||     4
Invok: Berserk           |       |     3 |     2 |     7 ||    12
Evoke: Wand              |       |       |       |     3 ||     3
  Use: Potion            |     1 |       |     1 |     2 ||     4
       Scroll            |       |       |     6 |     7 ||    13
  Eat: Chunk             |       |     3 |    15 |    22 ||    40
       Ration            |       |     2 |       |     1 ||     3
Armor: Animal skin       |    13 |    28 |       |       ||    41
       Chain mail        |       |     3 |   110 |       ||   113
       Leather armour    |       |     3 |       |       ||     3
       Plate armour      |       |       |    18 |   221 ||   239
Dodge: Dodged            |    47 |   104 |   147 |   278 ||   576
       Rpst.: Falchion   |    15 |    24 |    22 |       ||    61
       Great sword       |       |       |    16 |    62 ||    78

Table legend:
 A = Spawn XP
 B = Non-spawn XP
 C = Spawn XP percentage of total XP
 D = Spawn monster count
 E = Non-spawn monster count
 F = Spawn count percentage of total count
 G = Total turns spent on level
                    A         B        C        D         E        F      G
               +---------+---------+-------+---------+---------+-------+---------
         Total |       0 |   31588 |   0.0 |       0 |     370 |   0.0 | 12506
               +---------+---------+-------+---------+---------+-------+---------
           D:1 |       0 |      72 |   0.0 |       0 |      25 |   0.0 |   759
           D:2 |       0 |     199 |   0.0 |       0 |      35 |   0.0 |  1350
           D:3 |       0 |     298 |   0.0 |       0 |      20 |   0.0 |   976
           D:4 |       0 |    1031 |   0.0 |       0 |      16 |   0.0 |  1288
           D:5 |       0 |    1013 |   0.0 |       0 |      28 |   0.0 |  1072
           D:6 |       0 |    1074 |   0.0 |       0 |      14 |   0.0 |   807
           D:7 |       0 |     259 |   0.0 |       0 |       7 |   0.0 |   598
           D:8 |       0 |    4482 |   0.0 |       0 |      37 |   0.0 |  1416
           D:9 |       0 |    3126 |   0.0 |       0 |      41 |   0.0 |  1203
          D:10 |       0 |    3759 |   0.0 |       0 |      34 |   0.0 |   969
          D:11 |       0 |    5908 |   0.0 |       0 |      40 |   0.0 |   824
          D:12 |       0 |    7501 |   0.0 |       0 |      56 |   0.0 |   687
          D:13 |       0 |    2722 |   0.0 |       0 |       5 |   0.0 |   281
         Sewer |       0 |     144 |   0.0 |       0 |      12 |   0.0 |   276
               +---------+---------+-------+---------+---------+-------+---------
